 Dungeon Crawl Stone Soup version 0.23.0 (webtiles) character file.

Game seed: 8705568135131765434

12523 Jannitor the Slicer (level 12, -12/77 HPs)
             Began as a Kobold Chaos Knight on Feb 11, 2019.
             Was a Plaything of Xom.
             Killed from afar by a raiju (19 damage)
             ... with a living lightning
             ... on level 2 of the Abyss.
             The game lasted 00:28:49 (13757 turns).

Jannitor the Slicer (Kobold Chaos Knight)          Turns: 13757, Time: 00:28:51

Health: -12/77     AC: 13    Str: 17    XL:     12   Next: 21%
Magic:  19/19      EV: 22    Int: 15    God:    Xom [....*.]
Gold:   556        SH:  0    Dex: 17    Spells: 8/21 levels left

rFire    . . .     SeeInvis .   a - +3 dagger (elec)
rCold    . . .     Gourm    .   (shield restricted)
rNeg     . . .     Faith    .   I - +2 leather armour
rPois    .         Spirit   .   (no helmet)
rElec    .         Reflect  .   F - +1 cloak {MR+}
rCorr    .         Harm     .   G - +2 pair of gloves
MR       ++...                  B - +0 pair of boots
Stlth    ++++......             w - amulet of rage (curse)
HPRegen  0.22/turn              u - +3 ring of strength
MPRegen  0.16/turn              n - ring of Bexkosuy {+Fly MR+ Int+2 Dex+2}

@: berserk cooldown
A: small, repulsion field 1, yellow scales 1, blink, blurry vision 1, carnivore
a: Blink, Renounce Religion, Evoke Berserk Rage, Evoke Flight


You were on level 2 of the Abyss.
You worshipped Xom.
You were a beloved toy of Xom.
You were very full.

You visited 3 branches of the dungeon, and saw 14 of its levels.
You visited the Abyss 1 time.

You collected 758 gold pieces.
You spent 202 gold pieces at shops.

Inventory:

Hand Weapons
 a - a +3 dagger of electrocution (weapon)
 b - a +0 arbalest
 y - a +2 dagger of venom
Missiles
 x - 24 bolts
Armour
 t - a +0 helmet
 B - a +0 pair of boots (worn)
 F - a +1 cloak of magic resistance (worn)
 G - a +2 pair of gloves (worn)
 I - a +2 leather armour (worn)
Jewellery
 k - a +3 amulet of reflection
 n - the ring of Bexkosuy (right hand) {+Fly MR+ Int+2 Dex+2}
   (You took it off a centaur warrior on level 11 of the Dungeon)

   [ring of flight]

   It affects your intelligence (+2).
   It affects your dexterity (+2).
   It affects your resistance to hostile enchantments.
   It lets you fly.
 u - a +3 ring of strength (left hand)
 w - a cursed amulet of rage (around neck)
 D - an uncursed amulet of harm {unknown}
 J - the amulet "Postuc" {Spirit MP+9 Str-5 Dex+2}
   (You found it on level 1 of the Lair of Beasts)

   [amulet of guardian spirit]

   It causes incoming damage to be split between your health and magic.
   It affects your strength (-5).
   It affects your dexterity (+2).
   It affects your magic capacity (+9).
Wands
 i - a wand of digging (7)
 v - a wand of polymorph (11)
 C - a wand of acid (1)
Scrolls
 g - 2 scrolls of immolation
 l - 2 scrolls of enchant armour
 m - 3 scrolls of amnesia
 o - 3 scrolls of magic mapping
 p - a scroll of blinking
 s - 2 scrolls of noise
Potions
 e - a potion of mutation
 h - a potion of curing
 r - 2 potions of brilliance
 z - 4 potions of might
 A - a potion of magic
 E - 2 potions of flight
Miscellaneous
 j - a lamp of fire
Comestibles
 c - 31 rations


   Skills:
 - Level 9.8 Fighting
 - Level 11.4 Short Blades
 - Level 7.0 Crossbows
 - Level 0.8 Armour
 - Level 8.5 Dodging
 - Level 9.4 Stealth
 + Level 5.0 Spellcasting
 + Level 4.9 Hexes
 - Level 2.0 Charms
 + Level 4.9 Earth Magic


You had 8 spell levels left.
You knew the following spells:

 Your Spells              Type           Power        Failure   Level  Hunger
a - Passwall              Tmut/Erth      ##......     11%         2    ##.....
b - Swiftness             Chrm/Air       #.......     19%         2    ##.....
c - Portal Projectile     Hex/Tloc       ##....       22%         3    ###....
d - Invisibility          Hex            ###.....     98%         6    #######

Your spell library contained the following spells:

 Spells                   Type           Power        Failure   Level  Hunger
 Corona                   Hex            ###....      2%          1    None
 Slow                     Hex            ###.....     3%          2    ##.....
 Shock                    Conj/Air       #...         19%         1    None
 Inner Flame              Hex/Fire       ##......     22%         3    ###....
 Cause Fear               Hex            ###.......   26%         4    ####...
 Leda's Liquefaction      Hex/Erth       ###.......   26%         4    ####...
 Poisonous Vapours        Pois/Air       #.....       28%         2    ##.....
 Conjure Flame            Conj/Fire      #.......     50%         3    ###....
 Mephitic Cloud           Conj/Pois/Air  #.......     50%         3    ###....
 Static Discharge         Conj/Air       #.......     50%         3    ###....
 Lee's Rapid Deconstruct  Erth           ###.......   56%         5    ######.
 Airstrike                Air            #.........   88%         4    ####...
 Passage of Golubria      Tloc           N/A          88%         4    ####...
 Darkness                 Hex            ###.......   98%         6    #######
 Lightning Bolt           Conj/Air       #.........   99%         5    ######.
 Freezing Cloud           Conj/Ice/Air   #.........   100%        6    #######
 Ring of Flames           Chrm/Fire      #.........   100%        7    #######


Dungeon Overview and Level Annotations

Branches:
Dungeon (11/15)            Temple (1/1) D:4            Lair (2/6) D:9
    Orc (0/2) D:11
  Swamp: Lair:2-4    Shoals: Lair:2-4     Snake: Lair:2-4    Spider: Lair:2-4

Altars:
Cheibriados
Dithmenos
Kikubaaqudgha
Qazlal
Ru
Sif Muna
Trog
Wu Jian
Xom

Shops:
D:8 [}

Annotations:
D:2 Sigmund
D:3 2 transporters
D:8 exclusions: two-headed ogre and 3 more exclusions
D:9 3 runed translucent doors, hofbold's ghost, novice DsMo


Innate Abilities, Weirdness & Mutations

You are small and have problems with some larger weapons.
You are carnivorous and can eat meat at any time.
You are surrounded by a mild repulsion field. (EV +2)
You are partially covered in yellow scales. (AC +2)
You can translocate small distances at will.
Scrolls take you a little longer to read.


Message History

The thrashing horror misses you.
The raiju bursts into living lightning!
The living lightning hits the thrashing horror.
The thrashing horror resists.
The living lightning misses you.
The living lightning hits the raiju.
The raiju completely resists.
The raiju blinks!
The raiju misses you. The thrashing horror tramples you.
You hold your ground!
The thrashing horror misses you. The sixfirhy hits you!
* * * LOW HITPOINT WARNING * * *
The sixfirhy shocks you!
* * * LOW HITPOINT WARNING * * *
The sixfirhy hits you but does no damage.
The thrashing horror closely misses you.
The thrashing horror tramples you but does no damage.
The sixfirhy hits you but does no damage.
The raiju bursts into living lightning!
The living lightning hits the raiju.
The raiju completely resists.
The living lightning hits you!!
You die...
Xom chortles!

# #.## ..... # #.
#...########...#
...3##..§X..h..h...
.#.#...3@###..#.#
...##..## .# #
#.#†#.# # ## #.##..
. # . ... # .# #
##.# #. #.. .)) .#
## . #). #. . #.#..
. .


You could see a thrashing horror, a sixfirhy and 2 raiju.

Vanquished Creatures
  A centaur warrior (D:11)
  2 two-headed ogres
  A cyclops (D:11)
  Joseph (D:7)
  3 spiny frogs (Lair:1)
  A tengu conjurer (D:11)
  A raiju (Abyss:2)
  4 hippogriffs
  8 yaks
  A wraith (D:11)
  A wyvern (D:10)
  A basilisk (Lair:2)
  A hungry ghost (D:7)
  A naga (Lair:2)
  2 water moccasins
  Duvessa (D:7)
  2 sky beasts
  5 ice beasts
  7 orc warriors
  A black bear (D:6)
  A necrophage (D:10)
  5 wolves (Lair:1)
  2 centaurs
  3 ogres
  2 crocodiles (D:9)
  7 bullfrogs
  A big kobold (D:9)
  Dowan (D:7)
  2 jellies
  4 scorpions
  4 killer bees (D:10)
  5 wights (Abyss:2)
  4 vampire bats (Lair:1)
  2 howler monkeys
  4 crimson imps
  A centaur zombie (D:9)
  A quasit (D:9)
  2 bullfrog zombies
  A centaur skeleton (D:4)
  8 orc priests
  7 hounds
  12 orc wizards
  Jessica (D:2)
  2 bullfrog skeletons
  3 iguanas
  6 worker ants
  A hound zombie (D:6)
  A hound skeleton (D:4)
  2 worker ant zombies
  Robin (D:3)
  A howler monkey skeleton (D:5)
  A howler monkey zombie (D:8)
  12 adders
  2 shadow imps
  An ooze (D:5)
  An adder zombie (D:9)
  3 worms
  2 dart slugs
  46 orcs
  9 bats
  4 giant cockroaches
  13 goblins
  3 hobgoblins
  10 jackals
  4 quokkas
  2 ball pythons
  2 frilled lizards
  A jackal skeleton (D:4)
  14 kobolds
  2 rats (D:1)
274 creatures vanquished.

Vanquished Creatures (collateral kills)
  A raiju (Abyss:2)
  A yak (D:11)
  An orc (D:11)
3 creatures vanquished.

Vanquished Creatures (others)
  An adder (D:7)
1 creature vanquished.

Grand Total: 278 creatures vanquished

Notes
Turn   | Place    | Note
-------+----------+-------------------------------------------
     0 | D:1      | Jannitor the Kobold Chaos Knight began the quest for the
                  | Orb.
     0 | D:1      | Reached XP level 1. HP: 14/14 MP: 1/1
    99 | D:1      | XOM: silly message
   312 | D:1      | Reached XP level 2. HP: 19/19 MP: 2/2
   553 | D:1      | XOM: give mutations
   553 | D:1      | Gained mutation: You expend magic power (3 MP) to
                  | strengthen your wands. [Xom's grace]
   553 | D:1      | Gained mutation: You are partially covered in molten
                  | scales. (AC +2) [Xom's grace]
   553 | D:1      | Gained mutation: Your spells are a little harder to cast,
                  | but a little more powerful. [Xom's grace]
   854 | D:2      | Noticed Sigmund
   854 | D:2      | XOM: potion effect (heal wounds)
   926 | D:2      | Reached XP level 3. HP: 23/23 MP: 3/3
   962 | D:2      | XOM: 9-stop teleportation journey
   981 | D:2      | Found a shadowy altar of Dithmenos.
  1123 | D:2      | Reached skill level 1 in Stealth
  1132 | D:2      | XOM: harmless Air miscast
  1149 | D:2      | Lost mutation: You are partially covered in molten scales.
                  | (AC +2) [potion of mutation]
  1149 | D:2      | Lost mutation: Your spells are a little harder to cast, but
                  | a little more powerful. [potion of mutation]
  1149 | D:2      | Lost mutation: You expend magic power (3 MP) to strengthen
                  | your wands. [potion of mutation]
  1149 | D:2      | Gained mutation: You have sharp toenails. [potion of
                  | mutation]
  1149 | D:2      | Gained mutation: You are partially covered in yellow
                  | scales. (AC +2) [potion of mutation]
  1149 | D:2      | Gained mutation: Scrolls take you a little longer to read.
                  | [potion of mutation]
  1149 | D:2      | Gained mutation: You have a pair of small antennae on your
                  | head. [potion of mutation]
  1264 | D:2      | XOM: confusion
  1270 | D:2      | XOM: stat loss: -1 Dex (13/14)
  1273 | D:2      | XOM: silly message
  1415 | D:1      | XOM: mild Ice miscast
  1500 | D:3      | Reached skill level 5 in Short Blades
  1500 | D:3      | Reached XP level 4. HP: 26/29 MP: 4/4
  1543 | D:3      | XOM: god gift: potion of curing
  1552 | D:2      | Noticed Jessica
  1553 | D:2      | Killed Jessica
  1803 | D:3      | XOM: harmless Chrm miscast
  1881 | D:3      | Noticed Robin
  1895 | D:3      | Reached XP level 5. HP: 32/33 MP: 5/5
  1905 | D:3      | XOM: enchant monster (bad)
  1912 | D:3      | Killed Robin
  2025 | D:3      | Found a stormy altar of Qazlal.
  2025 | D:3      | Found a snail-covered altar of Cheibriados.
  2025 | D:3      | Found an ancient bone altar of Kikubaaqudgha.
  2027 | D:3      | Noticed a komodo dragon
  2027 | D:3      | Noticed a wyvern
  2029 | D:3      | Found a transporter.
  2081 | D:3      | Found a transporter.
  2350 | D:4      | Found a staircase to the Ecumenical Temple.
  2366 | D:4      | Reached skill level 6 in Short Blades
  2592 | D:4      | Reached XP level 6. HP: 39/39 MP: 6/6
  2972 | Temple   | Entered the Ecumenical Temple
  3459 | D:4      | Found a sacrificial altar of Ru.
  3514 | D:4      | Reached XP level 7. HP: 44/44 MP: 7/7
  3583 | D:4      | Reached skill level 7 in Short Blades
  3632 | D:5      | Entered Level 5 of the Dungeon
  3647 | D:5      | Found a shimmering altar of Xom.
  3791 | D:5      | XOM: torment (23/44 hp)
  4028 | D:5      | XOM: polymorph crimson imp -> shadow imp
  4191 | D:5      | XOM: medium Fire miscast
  4219 | D:5      | XOM: mild Fire miscast
  4297 | D:5      | XOM: give mutations
  4297 | D:5      | Lost mutation: You have sharp toenails. [Xom's mischief]
  4297 | D:5      | Lost mutation: Scrolls take you a little longer to read.
                  | [Xom's mischief]
  4569 | D:6      | Reached skill level 5 in Fighting
  4633 | D:6      | XOM: summons 3 hostile shadow creatures
  4705 | D:6      | XOM: mild Tmut miscast
  4785 | D:6      | XOM: 1-stop teleportation journey
  4803 | D:6      | Reached skill level 8 in Short Blades
  4803 | D:6      | Reached skill level 5 in Dodging
  4803 | D:6      | Reached XP level 8. HP: 45/49 MP: 8/8
  4848 | D:6      | XOM: mild Summ miscast
  5059 | D:6      | XOM: mild Tloc miscast
  5088 | D:6      | XOM: harmless Conj miscast
  5269 | D:6      | Reached skill level 5 in Stealth
  5420 | D:6      | XOM is BORED!
  5420 | D:6      | XOM: give mutations
  5420 | D:6      | Gained mutation: You are weak. (Str -2) [Xom's mischief]
  5584 | D:6      | Found an ornate altar of the Wu Jian Council.
  5648 | D:6      | XOM: summons 1 hostile demon
  5786 | D:6      | Found a deep blue altar of Sif Muna.
  5873 | D:7      | Reached skill level 9 in Short Blades
  5911 | D:7      | XOM: harmless Erth miscast
  5955 | D:7      | XOM: smoke on damage
  5991 | D:7      | XOM: butterfly on damage
  6232 | D:7      | XOM: 5-stop teleportation journey
  6285 | D:7      | Noticed Dowan
  6287 | D:7      | Noticed Duvessa
  6291 | D:7      | XOM: mild Necr miscast
  6305 | D:7      | XOM: confuse monster(s)
  6308 | D:7      | Killed Duvessa
  6308 | D:7      | Reached XP level 9. HP: 44/54 MP: 9/9
  6310 | D:7      | Killed Dowan
  6536 | D:7      | XOM: divination: detect items
  6656 | D:7      | XOM: silly message
  6717 | D:7      | Reached skill level 10 in Short Blades
  7119 | D:7      | Noticed Joseph
  7123 | D:7      | XOM: harmless Summ miscast
  7142 | D:7      | Killed Joseph
  7374 | D:7      | XOM: harmless Fire miscast
  7531 | D:8      | Found Aloidoest's Antique Armour Shop.
  7535 | D:8      | Bought an embroidered cloak for 202 gold pieces
  7546 | D:8      | Found Zaedei's Antique Armour Shop.
  7716 | D:8      | Reached skill level 11 in Short Blades
  7763 | D:8      | Noticed a hippogriff
  7984 | D:8      | Noticed a two-headed ogre
  8069 | D:8      | XOM: medium Necr miscast
  8080 | D:8      | Killed a hippogriff
  8160 | D:8      | Reached XP level 10. HP: 63/63 MP: 10/10
  8264 | D:8      | XOM: 6-stop teleportation journey
  8306 | D:8      | Found Fuczui's Gadget Boutique.
  8424 | D:8      | XOM: noise
  8710 | D:9      | Reached skill level 1 in Crossbows
  8827 | D:9      | XOM: give mutations
  8827 | D:9      | Lost mutation: You are weak. (Str -2) [Xom's grace]
  8827 | D:9      | Gained mutation: You are partially covered in large bone
                  | plates. (SH +4) [Xom's grace]
  8827 | D:9      | Gained mutation: You can translocate small distances at
                  | will. [Xom's grace]
  8827 | D:9      | Gained mutation: You are surrounded by a mild repulsion
                  | field. (EV +2) [Xom's grace]
  9053 | D:9      | Found a staircase to the Lair.
  9053 | D:9      | XOM: 5-stop teleportation journey
  9126 | D:9      | XOM: summons 2 friendly demons
  9129 | D:9      | XOM: god gift: fustibalus {god gift}
  9177 | D:9      | XOM: fog
  9340 | D:9      | Found a runed translucent gate.
  9340 | D:9      | Found a runed translucent gate.
  9341 | D:9      | Found a runed translucent gate.
  9343 | D:9      | Noticed hofbold's ghost (novice DsMo)
  9436 | D:9      | XOM: 1-stop teleportation journey
  9465 | D:9      | XOM: cleaving
  9493 | D:9      | XOM: enchant monster (good)
  9499 | D:9      | XOM: scenery: create altars
  9506 | D:9      | Learned a level 2 spell: Passwall
  9509 | D:9      | Learned a level 2 spell: Swiftness
  9513 | D:9      | Learned a level 3 spell: Portal Projectile
  9655 | D:10     | Entered Level 10 of the Dungeon
  9669 | D:10     | XOM: cloud trail
  9696 | D:10     | Noticed a two-headed ogre
  9714 | D:10     | XOM: confuse monster(s)
  9716 | D:10     | Killed a two-headed ogre
  9716 | D:10     | Reached skill level 1 in Spellcasting
  9716 | D:10     | Reached skill level 1 in Hexes
  9716 | D:10     | Reached skill level 1 in Earth Magic
  9733 | D:10     | Reached XP level 11. HP: 50/69 MP: 11/13
  9747 | D:10     | XOM: harmless Conj miscast
 10083 | D:10     | Reached skill level 5 in Crossbows
 10203 | D:10     | XOM: god gift: leather armour {god gift}
 10219 | D:10     | XOM: medium Necr miscast
 10228 | D:10     | XOM: summons 3 hostile demons
 10237 | D:10     | XOM: silly message
 10495 | D:10     | XOM: destruction
 10712 | D:10     | XOM: medium Chrm miscast
 10768 | D:11     | XOM: cast spell 'Summon Butterflies'
 10775 | D:11     | XOM: summons 6 friendly demons
 10788 | D:11     | XOM: scenery: 1 doors open
 10939 | D:11     | Got a scorched scimitar
 10940 | D:11     | Identified the cursed +1 scimitar of the Bear {protect,
                  | rElec Int+5} (You found it on level 11 of the Dungeon)
 11028 | D:11     | Found a staircase to the Orcish Mines.
 11152 | D:11     | Noticed a two-headed ogre
 11271 | D:11     | Identified the ring of Bexkosuy {+Fly MR+ Int+2 Dex+2}
 11271 | D:11     | Noticed a centaur warrior
 11277 | D:11     | XOM: harmless Fire miscast
 11279 | D:11     | XOM: butterfly on damage
 11281 | D:11     | XOM: chaos upgrade
 11295 | D:11     | XOM: summons 1 hostile demon
 11300 | D:11     | XOM: cleaving
 11538 | D:11     | Noticed a cyclops
 11548 | D:11     | Killed a cyclops
 11617 | D:11     | Killed a centaur warrior
 12035 | D:11     | XOM: scenery: 1 doors open
 12095 | D:11     | XOM: enchant monster (good)
 12100 | D:11     | Killed a two-headed ogre
 12100 | D:11     | Reached skill level 1 in Charms
 12328 | Lair:1   | Entered Level 1 of the Lair of Beasts
 12505 | Lair:1   | Learned a level 6 spell: Invisibility
 12640 | Lair:1   | Noticed a five-headed hydra
 12641 | Lair:1   | XOM: 1-stop teleportation journey
 12654 | Lair:1   | Got a wavering bone amulet
 12670 | Lair:1   | Reached XP level 12. HP: 47/77 MP: 18/18
 12902 | Lair:1   | XOM: give mutation
 12902 | Lair:1   | Gained mutation: You passively map a small area around you.
                  | [Xom's grace]
 12922 | Lair:1   | XOM: 3-stop teleportation journey
 12934 | Lair:1   | You fall through a shaft!
 12935 | Lair:2   | XOM: polymorph water moccasin -> naga
 12936 | Lair:2   | XOM: cleaving
 13346 | Lair:1   | Cast into level 2 of the Abyss (Xom)
 13365 | Abyss:2  | XOM: give mutations
 13365 | Abyss:2  | Lost mutation: You have a pair of small antennae on your
                  | head. [Xom's mischief]
 13365 | Abyss:2  | Gained mutation: Scrolls take you a little longer to read.
                  | [Xom's mischief]
 13365 | Abyss:2  | Lost mutation: You passively map a small area around you.
                  | [Xom's mischief]
 13365 | Abyss:2  | Lost mutation: You are partially covered in large bone
                  | plates. (SH +4) [Xom's mischief]
 13422 | Abyss:2  | Identified the amulet "Postuc" {Spirit MP+9 Str-5 Dex+2}
                  | (You found it on level 1 of the Lair of Beasts)
 13433 | Abyss:2  | Noticed a bone dragon
 13445 | Abyss:2  | XOM: cloud trail
 13546 | Abyss:2  | Noticed a rakshasa
 13550 | Abyss:2  | Noticed a rakshasa
 13558 | Abyss:2  | XOM: summons 8 friendly demons
 13559 | Abyss:2  | Found an iron altar of Okawaru.
 13722 | Abyss:2  | Noticed a sixfirhy
 13726 | Abyss:2  | XOM: potion effect (berserk rage)
 13734 | Abyss:2  | XOM: summons friendly ufetubus
 13740 | Abyss:2  | Reached skill level 5 in Spellcasting
 13741 | Abyss:2  | Noticed a thrashing horror
 13757 | Abyss:2  | Killed from afar by a raiju

Skill      XL: |  1  2  3  4  5  6  7  8  9 10 11 12 |
---------------+-------------------------------------+-----
Dodging        | 3 4 5 6 7 8 |  8.5
Stealth        | 1 2 3 4 6 7 9 |  9.4
Short Blades   | 5 6 8 9 11 | 11.4
Fighting       | 4 5 6 7 8 9 |  9.8
Crossbows      | 4 6 7 |  7.0
Spellcasting   | 1 4 5 |  5.0
Hexes          | 1 4 |  4.9
Earth Magic    | 1 4 |  4.9
Charms         | 1 2 |  2.0
Armour         | |  0.8

Action                   |  1- 3 |  4- 6 |  7- 9 | 10-12 || total
-------------------------+-------+-------+-------+-------++-------
Melee: Short sword       |   112 |     9 |       |       ||   121
       Kick              |     4 |    27 |    10 |       ||    41
       Dagger            |       |   107 |   364 |   561 ||  1032
 Fire: Arbalest          |       |       |       |    23 ||    23
 Cast: Passwall          |       |       |       |     3 ||     3
       Swiftness         |       |       |       |     1 ||     1
Evoke: Wand              |       |       |     2 |     4 ||     6
  Use: Potion            |     7 |       |     2 |     8 ||    17
       Scroll            |     1 |     7 |     5 |    13 ||    26
 Stab: Sleeping          |     2 |     3 |    12 |    22 ||    39
       Petrified         |     1 |       |       |       ||     1
       Paralysed         |     1 |       |       |     1 ||     2
       Distracted        |       |       |     1 |     2 ||     3
       Confused          |       |       |     2 |     1 ||     3
       Invisible         |       |       |     1 |       ||     1
       Petrifying        |       |       |       |     1 ||     1
  Eat: Chunk             |     6 |    11 |    18 |    20 ||    55
Armor: Leather armour    |    41 |    22 |    43 |    57 ||   163
Dodge: Dodged            |    92 |    77 |   155 |   313 ||   637
Block: Other             |       |     1 |    15 |    34 ||    50
